 Dungeon Crawl Stone Soup version 0.29.1-1-gd02db6906a (webtiles) character file.

Game seed: 2109564829206688730

149 groovy9 the Shooter (level 5, 0/38 HPs)
             Began as a Formicid Hunter on Sept 18, 2022.
             Killed by an exploding goblin (37 damage)
             ... ignited by their inner flame
             ... on level 3 of the Dungeon.
             The game lasted 00:05:22 (2019 turns).

groovy9 the Shooter (Formicid Hunter)               Turns: 2019, Time: 00:05:22

Health: 0/38       AC:  4    Str: 16    XL:     5   Next: 56%
Magic:  14/14      EV: 12    Int:  8    God:
Gold:   87         SH:  0    Dex: 19    Spells: 4/4 levels left

rFire   . . .      SeeInvis +   a - +1 shortbow
rCold   . . .      Faith    .   (no shield)
rNeg    . . .      Spirit   .   c - +0 leather armour
rPois   .          Reflect  .   (helmet unavailable)
rElec   .          Harm     .   k - +0 cloak
rCorr   .          Rampage  .   (no gloves)
Will    .....                   (no boots)
Stlth   ++........              (no amulet)
HPRegen 0.12/turn               e - ring of magical power
MPRegen 0.14/turn               (no ring)

@: no status effects
A: permanent stasis, dig shafts and tunnels, antennae 3, four strong arms
a: Dig, Shaft Self


You were on level 3 of the Dungeon.
You visited 1 branch of the dungeon, and saw 3 of its levels.

You collected 87 gold pieces.

Inventory:

Hand Weapons
 a - a +1 shortbow (weapon)
Missiles
 i - 6 poisoned darts
Armour
 c - a +0 leather armour (worn)
 k - a +0 cloak (worn)
Jewellery
 e - a ring of magical power (left hand)
Scrolls
 d - a scroll of enchant weapon
Potions
 f - 2 potions of curing


   Skills:
 - Level 2.1 Fighting
 + Level 6.4 Ranged Weapons
 - Level 1.7 Dodging
 - Level 1.2 Stealth


You had 4 spell levels left.
You didn't know any spells.
Your spell library was empty.

Dungeon Overview and Level Annotations

Branches:
Dungeon (3/15)

Altars:


Innate Abilities, Weirdness & Mutations

You cannot be hasted, slowed, berserked, paralysed or teleported.
You can dig through walls and to a lower floor.
You have a pair of large antennae on your head. (SInv)
Your four strong arms can wield two-handed weapons with a shield.


Message History

You shoot an arrow. The arrow hits the goblin!
You kill the goblin!
A goblin comes into view. It is wielding a +0 club.
Robin of the Strong Arm comes into view.
They are wielding a +4 vorpal spear and carrying a wand of flame (15).
You shoot an arrow. The arrow hits the hobgoblin.
The hobgoblin is almost dead.
Robin throws the goblin at you!
Okay, then.
Okay, then.
Really read the scroll of immolation?
As you read the scroll of immolation, it crumbles to dust.
The creatures around you are filled with an inner flame!
The goblin shouts!
You hear a shout!
Robin throws the goblin at you!
There is an open door here.
You shoot an arrow. The goblin shouts!
The arrow hits the goblin!
You kill the goblin!
Robin's bangles clink loudly.
You shoot an arrow. The arrow hits the goblin.
Flame seeps out of the goblin.
The goblin is severely wounded.
The goblin is engulfed in blazing flames.
The goblin explodes!
The fiery explosion engulfs the hobgoblin!!!
The hobgoblin explodes!
The fiery explosion engulfs the goblin!!
The goblin explodes!
The fiery explosion engulfs the hobgoblin!!
The hobgoblin explodes!
The fiery explosion engulfs Robin!!!
Robin explodes!
A hobgoblin comes into view.
You hear a shout! x2; You hear an angry hiss.
You shoot an arrow. The arrow closely misses the goblin.
You shoot an arrow. The arrow hits the goblin!
The goblin explodes!
The fiery explosion engulfs you!!!
Ouch! That really hurt!
You die...

### ###
#.###########.#
#........<....#
#.###########.#
#.# #.# #.#
#######.#
.#######.#
#.......#
###.....§)§.###
#.......#
†)..{#####@...#
#.......#
..g§§§§)§'..>.#
#.......#
..)§§#####....#
#.......# ...
######
#######.# . #.#
#)# #)# #)###
#....


There were no monsters in sight!

Vanquished Creatures
  Crazy Yiuf (D:2)
  Robin (D:3)
  2 adders (D:2)
  3 gnolls (D:3)
  A worm (D:2)
  2 dart slugs
  7 bats
  3 endoplasms
  6 goblins (D:3)
  7 hobgoblins
  4 jackals (D:1)
  4 kobolds
  A quokka (D:2)
  5 ball pythons
  3 frilled lizards
  6 rats
56 creatures vanquished.

Notes
Turn   | Place    | Note
-------+----------+-------------------------------------------
     0 | D:1      | groovy9 the Formicid Hunter began the quest for the Orb.
     0 | D:1      | Reached XP level 1. HP: 16/16 MP: 1/1
    46 | D:1      | Reached XP level 2. HP: 6/22 MP: 2/2
   638 | D:1      | Reached XP level 3. HP: 27/27 MP: 3/3
  1031 | D:2      | Found a faded altar of an unknown god.
  1090 | D:2      | Reached skill level 5 in Ranged Weapons
  1296 | D:2      | Reached XP level 4. HP: 33/33 MP: 4/4
  1489 | D:2      | Found a runed translucent door.
  1490 | D:2      | Noticed Crazy Yiuf
  1499 | D:2      | Killed Crazy Yiuf
  1818 | D:3      | Reached skill level 6 in Ranged Weapons
  1818 | D:3      | Reached XP level 5. HP: 38/38 MP: 5/5
  2010 | D:3      | Noticed Robin
  2016 | D:3      | Killed Robin
  2019 | D:3      | Killed by an exploding goblin... ignited by their inner
                  | flame

Illustrated notes

Levels and vault maps discovered:
D:1:      lightli_arrival_boilingwater, layout_loops_ring
D:2:      layout_loops_cross, shapermc_ecumenical_altar_mp_ritualfount,
          st_stairs_8, nicolae_underground_beach, uniq_crazy_yiuf_cottage
D:3:      kb_forest_paths, layout_basic, gammafunk_ghost_nasty_kobolds,
          minmay_goblin_outpost, uniq_robin

Skill      XL: |  1  2  3  4 |
---------------+-------------+-----
Ranged Weapons | 5 6 |  6.4
Fighting       | |  2.1
Dodging        | |  1.7
Stealth        | |  1.2

Action                   |  1- 3 |  4- 6 || total
-------------------------+-------+-------++-------
 Fire: Shortbow          |    64 |    38 ||   102
 Abil: Dig               |     2 |       ||     2
  Use: Scroll            |     3 |     4 ||     7
       Potion            |       |     1 ||     1
Armor: Leather armour    |     9 |     1 ||    10
Dodge: Dodged            |    18 |     5 ||    23
